AoeStats
← ILoveMonks

Hideout

509302236Analyzed
1v1 RM · 5d ago on Sep 26, 2026· 20m 3s· 2 players
Game mode
Random Map
Map size
Tiny (2 player)
Population
200
Speed
Normal
Resources
Standard
Victory
Conquest
Starting age
Dark Age
Ending age
Imperial Age
RankedLock teamsTeams togetherTeam positionsShared explorationLock speedFull tech treeHidden civsTurbo modeCheats
Victory
Defeat
🇩🇪 Bengalis · Germany
1365
+27
🇲🇹 Armenians · Malta
1363
-16
Linksi
10:05 Feudal Age
10:10 Man-at-Arms
11:01 Arson
11:11 Double-Bit Axe
11:08 Long Swordsman
16:38 Forging
17:25 Fletching
17:44 Loom
17:44 Horse Collar
18:18 Padded Archer Armor
ILoveMonks
7:39 Loom
9:48 Feudal Age
13:58 Castle Age
14:52 Gold Mining
17:29 Fervor
17:40 Sanctity
19:16 Redemption
Connection lost

Rejoining the realm…

Still unreachable

The connection could not be restored.

Session expired

The server has moved on; the page needs a fresh start.